[Event "36th German Seniors-ch-65 2024"]
[Site "Bad Wildungen"]
[Date "2024.08.26"]
[Round "4.6"]
[White "Schmidt, Gerhard"]
[Black "Chevelevitch, Evgueni"]
[Result "1-0"]
[ECO "C78"]
[WhiteElo "2088"]
[BlackElo "2334"]
[Annotator "RC"]
[PlyCount "75"]
[EventDate "2024.08.22"]
[EventType "swiss"]
[EventCountry "GER"]
[SourceTitle "playchess.com"]
[Source "ChessBase"]
[SourceQuality "1"]
[TimeControl "40/5400+30:1800+30"]

1. e4 e5 2. Nf3 Nc6 3. Bb5 a6 4. Ba4 Nf6 5. O-O b5 6. Bb3 Bc5 7. c3 O-O 8. d4 Bb6 9. dxe5 Nxe4 10. Bd5 Nc5 11. Bg5 Qe8 12. Re1 Rb8 13. b4 Ne6 14. Nbd2 Ne7 15. Bb3 h6 16. Bxh6 gxh6 17. Ne4 Qd8 18. Nf6+ Kg7 19. Nh4 d5 20. Nxd5 Nxd5 21. Nf5+ Kh7 22. Bxd5 Nf4 23. Be4 Qxd1 24. Raxd1 Bxf5 25. Bxf5+ Kg8 26. g3 Ne6 27. Kg2 Rfd8 28. f4 Kf8 29. Kf3 Ke7 30. Kg4 Bf2 31. Rxd8 Rxd8 32. Re2 Bb6 33. Be4 Rd1 34. Kh5 Rc1 35. Bc2 c5 36. f5 Nc7 37. f6+ Ke8 38. Kxh6 1-0

[Event "36th German Seniors-ch-65 2024"]
[Site "Bad Wildungen"]
[Date "2024.08.26"]
[Round "4.7"]
[White "Krueger, Wolfgang"]
[Black "Brueggemann, Joachim"]
[Result "0-1"]
[ECO "B30"]
[WhiteElo "2061"]
[BlackElo "2267"]
[Annotator "RC"]
[PlyCount "80"]
[EventDate "2024.08.22"]
[EventType "swiss"]
[EventCountry "GER"]
[SourceTitle "playchess.com"]
[Source "ChessBase"]
[SourceQuality "1"]
[TimeControl "40/5400+30:1800+30"]

1. e4 c5 2. Nf3 Nc6 3. Bb5 e6 4. O-O Nge7 5. Re1 a6 6. Bf1 d5 7. exd5 Qxd5 8. Nc3 Qd8 9. d3 Nf5 10. Ne4 Be7 11. c3 b6 12. Bf4 O-O 13. h3 Ra7 14. Qe2 Rd7 15. a4 a5 16. Ned2 Ba6 17. Nc4 Bxc4 18. dxc4 Bd6 19. Bxd6 Nxd6 20. Rad1 Qe7 21. Ne5 Nxe5 22. Qxe5 Rfd8 23. Rd3 Ne8 24. Red1 Rxd3 25. Rxd3 Rxd3 26. Bxd3 Qd6 27. Qxd6 Nxd6 28. f4 h6 29. Kf2 f5 30. Kf3 Kf7 31. g4 Kf6 32. h4 fxg4+ 33. Kxg4 Nf5 34. Bxf5 exf5+ 35. Kg3 Kg6 36. Kh3 Kh5 37. Kg3 g5 38. hxg5 hxg5 39. fxg5 Kxg5 40. Kf3 Kf6 0-1

[Event "36th German Seniors-ch-65 2024"]
[Site "Bad Wildungen"]
[Date "2024.08.26"]
[Round "4.8"]
[White "Keller, Harald"]
[Black "Nehmert, Ulrich"]
[Result "1/2-1/2"]
[ECO "B12"]
[WhiteElo "2022"]
[BlackElo "2255"]
[Annotator "RC"]
[PlyCount "30"]
[EventDate "2024.08.22"]
[EventType "swiss"]
[EventCountry "GER"]
[SourceTitle "playchess.com"]
[Source "ChessBase"]
[SourceQuality "1"]
[TimeControl "40/5400+30:1800+30"]

1. e4 c6 2. d4 d5 3. e5 Bf5 4. Nd2 e6 5. Nb3 Nd7 6. Nf3 h6 7. Be3 Ne7 8. Be2 Qc7 9. O-O g5 10. Ne1 Bg6 11. Nd3 b6 12. Rc1 Bg7 13. Bh5 Nf5 14. Bxg6 fxg6 15. c4 Qb7 1/2-1/2

[Event "36th German Seniors-ch-65 2024"]
[Site "Bad Wildungen"]
[Date "2024.08.26"]
[Round "4.9"]
[White "Behrens, Harald"]
[Black "Haubt, Georg"]
[Result "1-0"]
[ECO "D79"]
[WhiteElo "2206"]
[BlackElo "2063"]
[Annotator "RC"]
[PlyCount "113"]
[EventDate "2024.08.22"]
[EventType "swiss"]
[EventCountry "GER"]
[SourceTitle "playchess.com"]
[Source "ChessBase"]
[SourceQuality "1"]
[TimeControl "40/5400+30:1800+30"]

1. d4 Nf6 2. Nf3 g6 3. g3 d5 4. Bg2 Bg7 5. c4 c6 6. O-O O-O 7. cxd5 cxd5 8. Nc3 Nc6 9. Ne5 Be6 10. Nxc6 bxc6 11. Bf4 Nd7 12. Na4 Qa5 13. Rc1 Rac8 14. a3 h6 15. Nc5 Nxc5 16. Rxc5 Qb6 17. b4 g5 18. Be3 Bf5 19. Qa4 Bg4 20. Rfc1 Bxe2 21. Bxd5 Bb5 22. Qc2 Rfd8 23. Ba2 Qa6 24. h4 gxh4 25. Bxh6 Bd3 26. Qd2 Rd6 27. b5 Bxh6 28. Qxd3 Qb7 29. R1c2 Qd7 30. bxc6 Qg4 31. c7 Rxd4 32. R5c4 Bg7 33. Rxd4 Bxd4 34. Kg2 hxg3 35. fxg3 Bb6 36. Rc4 Qe6 37. Qf3 Kf8 38. Qh5 Qg6 39. Qh8+ Qg8 40. Qh3 e6 41. Rg4 Qxg4 42. Qxg4 Rxc7 43. Bc4 Rd7 44. Qf3 Ke7 45. Bb5 Rd2+ 46. Kh3 Bg1 47. Qf4 Rf2 48. Qc1 Rh2+ 49. Kg4 Bb6 50. a4 f5+ 51. Kg5 Kf7 52. Kf4 Rf2+ 53. Ke5 Rf3 54. Kd6 Rxg3 55. Qh6 Re3 56. Bc4 Ke8 57. Qg6+ 1-0

[Event "36th German Seniors-ch-65 2024"]
[Site "Bad Wildungen"]
[Date "2024.08.26"]
[Round "4.10"]
[White "Okrajek, Alexander"]
[Black "Westermann, Johannes"]
[Result "1/2-1/2"]
[ECO "A14"]
[WhiteElo "2172"]
[BlackElo "2055"]
[Annotator "RC"]
[PlyCount "80"]
[EventDate "2024.08.22"]
[EventType "swiss"]
[EventCountry "GER"]
[SourceTitle "playchess.com"]
[Source "ChessBase"]
[SourceQuality "1"]
[TimeControl "40/5400+30:1800+30"]

1. Nf3 d5 2. g3 Nf6 3. Bg2 e6 4. O-O Be7 5. b3 O-O 6. Bb2 c5 7. c4 Nc6 8. d3 Rb8 9. Ne5 Nxe5 10. Bxe5 Bd6 11. Bxd6 Qxd6 12. Nc3 b6 13. cxd5 Nxd5 14. Rc1 Nxc3 15. Rxc3 Bb7 16. Qc2 Bxg2 17. Kxg2 Rbd8 18. Rc4 Rd7 19. a3 a5 20. Rb1 e5 21. Kg1 f5 22. b4 cxb4 23. axb4 f4 24. Rc6 Qd5 25. Qb3 f3 26. exf3 Rxf3 27. Rxb6 axb4 28. Rb8+ Kf7 29. Qxb4 Rxd3 30. Rf8+ Kg6 31. Qg4+ Kh6 32. Qh4+ Kg6 33. Qg4+ Kh6 34. Qh3+ Kg6 35. Qf5+ Kh6 36. h4 g6 37. Qg5+ Kg7 38. Qf6+ Kh6 39. Kh2 e4 40. Qf4+ Kg7 1/2-1/2

[Event "36th German Seniors-ch-65 2024"]
[Site "Bad Wildungen"]
[Date "2024.08.26"]
[Round "4.11"]
[White "Gries, Volker"]
[Black "Podat, Vladimir"]
[Result "0-1"]
[ECO "B31"]
[WhiteElo "2012"]
[BlackElo "2157"]
[Annotator "RC"]
[PlyCount "82"]
[EventDate "2024.08.22"]
[EventType "swiss"]
[EventCountry "GER"]
[SourceTitle "playchess.com"]
[Source "ChessBase"]
[SourceQuality "1"]
[TimeControl "40/5400+30:1800+30"]

1. e4 c5 2. Nf3 Nc6 3. Bb5 g6 4. Bxc6 dxc6 5. O-O Bg7 6. Qe2 Nf6 7. Rd1 Qc7 8. h3 Nd7 9. c3 e5 10. d4 cxd4 11. cxd4 exd4 12. Nxd4 O-O 13. Nc3 Re8 14. Qc2 Nc5 15. Nde2 Ne6 16. Be3 b6 17. Rac1 Qe7 18. Nd4 Bb7 19. Nf3 Rad8 20. Qa4 Ba8 21. Rxd8 Rxd8 22. Rd1 Rxd1+ 23. Nxd1 c5 24. Nc3 Bxc3 25. bxc3 Kg7 26. Nd2 Qc7 27. g3 Bc6 28. Qc2 Qd7 29. Kh2 Ba4 30. Qb1 h6 31. f4 f6 32. h4 Nc7 33. h5 Qg4 34. Nf1 Qxh5+ 35. Kg1 Qe2 36. Bxc5 Bc6 37. Bf2 Bxe4 38. Qb4 Nd5 39. Qd6 Qf3 40. Qd7+ Kf8 41. Qd8+ Kf7 0-1

[Event "36th German Seniors-ch-65 2024"]
[Site "Bad Wildungen"]
[Date "2024.08.26"]
[Round "4.12"]
[White "Gruzmann, Boris"]
[Black "Kornrumpf, Joachim"]
[Result "0-1"]
[ECO "B42"]
[WhiteElo "2167"]
[BlackElo "2029"]
[Annotator "RC"]
[PlyCount "74"]
[EventDate "2024.08.22"]
[EventType "swiss"]
[EventCountry "GER"]
[SourceTitle "playchess.com"]
[Source "ChessBase"]
[SourceQuality "1"]
[TimeControl "40/5400+30:1800+30"]

1. e4 c5 2. Nf3 e6 3. d4 cxd4 4. Nxd4 a6 5. Bd3 Nf6 6. O-O Qc7 7. c4 Nc6 8. Nxc6 dxc6 9. Nc3 e5 10. Bg5 Be7 11. Rc1 O-O 12. Qe2 Bg4 13. f3 Be6 14. Kh1 Rad8 15. Rfd1 h6 16. Bh4 Nh5 17. Bxe7 Qxe7 18. g3 Nf6 19. c5 Rd4 20. b3 Rfd8 21. Na4 Ne8 22. f4 exf4 23. gxf4 Bg4 24. Qxg4 Rxd3 25. Re1 Nf6 26. Qh4 Qe6 27. Nc3 Rh3 28. f5 Qxf5 29. exf5 Rxh4 30. Rc2 Rf4 31. Re5 Ng4 32. Re7 Rxf5 33. b4 Rd3 34. Rc1 Ne3 35. h3 Rf3 36. Rxb7 Rxh3+ 37. Kg1 Rd2 0-1

[Event "36th German Seniors-ch-65 2024"]
[Site "Bad Wildungen"]
[Date "2024.08.26"]
[Round "4.13"]
[White "Zuehlke, Burkhard"]
[Black "Kannenberg, Karl-Heinz"]
[Result "1-0"]
[ECO "D13"]
[WhiteElo "1999"]
[BlackElo "2121"]
[Annotator "RC"]
[PlyCount "133"]
[EventDate "2024.08.22"]
[EventType "swiss"]
[EventCountry "GER"]
[SourceTitle "playchess.com"]
[Source "ChessBase"]
[SourceQuality "1"]
[TimeControl "40/5400+30:1800+30"]

1. d4 d5 2. c4 c6 3. Nf3 Nf6 4. g3 Bf5 5. cxd5 cxd5 6. Nc3 Nc6 7. Nh4 Bd7 8. Bg2 e6 9. O-O Be7 10. Nf3 O-O 11. h3 Na5 12. Ne5 Rc8 13. g4 Nc4 14. g5 Ne8 15. e4 Nxe5 16. dxe5 Bxg5 17. f4 d4 18. Qxd4 Be7 19. Kh1 Bc5 20. Qd3 Bc6 21. Qg3 f6 22. Qg4 Nc7 23. f5 exf5 24. exf5 fxe5 25. Bxc6 bxc6 26. Qc4+ Kh8 27. Qxc5 Qd3 28. Kg2 Ne6 29. Qxe5 Nd4 30. Bh6 Rf6 31. Rad1 Qa6 32. Qxd4 c5 33. Qh4 gxh6 34. Qe4 Qb6 35. Rf2 Qb8 36. Rd3 Rg8+ 37. Kh1 Re8 38. Qf3 Ref8 39. Qe4 Re8 40. Qf4 Re1+ 41. Kh2 Qa8 42. Rg2 Rf7 43. Rdg3 Re8 44. Qxh6 Qb8 45. Kh1 Re1+ 46. Kh2 Re8 47. Kg1 Qe5 48. Rf3 Qd4+ 49. Kh2 Ref8 50. Qe6 Rf6 51. Qd5 Qxd5 52. Nxd5 Rxf5 53. Rxf5 Rxf5 54. Rg8+ Kxg8 55. Ne7+ Kf7 56. Nxf5 Ke6 57. Ne3 Ke5 58. Kg2 Kd4 59. Kf2 Kd3 60. Kf3 c4 61. h4 a5 62. h5 a4 63. Nxc4 Kxc4 64. Ke4 h6 65. b3+ axb3 66. axb3+ Kxb3 67. Kf5 1-0

[Event "36th German Seniors-ch-65 2024"]
[Site "Bad Wildungen"]
[Date "2024.08.26"]
[Round "4.14"]
[White "Rosen, Willy"]
[Black "Hartlieb, Juergen"]
[Result "1-0"]
[ECO "B06"]
[WhiteElo "2091"]
[BlackElo "2013"]
[Annotator "RC"]
[PlyCount "83"]
[EventDate "2024.08.22"]
[EventType "swiss"]
[EventCountry "GER"]
[SourceTitle "playchess.com"]
[Source "ChessBase"]
[SourceQuality "1"]
[TimeControl "40/5400+30:1800+30"]

1. e4 g6 2. d4 Bg7 3. Nc3 d6 4. h3 Nd7 5. Nf3 c5 6. Be3 cxd4 7. Nxd4 Ngf6 8. Qd2 Nc5 9. f3 Ne6 10. O-O-O Nxd4 11. Bxd4 O-O 12. g4 Be6 13. h4 Qa5 14. a3 Rfc8 15. h5 b5 16. hxg6 b4 17. gxh7+ Kh8 18. Nd5 Bxd5 19. exd5 Qa4 20. Kb1 Rab8 21. b3 Qxa3 22. Bd3 Rc5 23. Qc1 Qxc1+ 24. Kxc1 Ra5 25. Bc4 Nd7 26. Bxg7+ Kxg7 27. f4 Rh8 28. Rde1 Ra1+ 29. Kd2 Rxe1 30. Rxe1 Re8 31. Bb5 Rd8 32. Rxe7 Nf6 33. Rxa7 Nxg4 34. Bd7 Nf6 35. Be6 Rf8 36. Bxf7 Kxh7 37. Be6+ Kg6 38. Kd3 Nh5 39. f5+ Kf6 40. Rb7 Ng3 41. Rxb4 Nxf5 42. Rf4 1-0

[Event "36th German Seniors-ch-65 2024"]
[Site "Bad Wildungen"]
[Date "2024.08.26"]
[Round "4.15"]
[White "Tuertmann, Dieter"]
[Black "Lutz, Albert"]
[Result "0-1"]
[ECO "A38"]
[WhiteElo "1938"]
[BlackElo "2070"]
[Annotator "RC"]
[PlyCount "96"]
[EventDate "2024.08.22"]
[EventType "swiss"]
[EventCountry "GER"]
[SourceTitle "playchess.com"]
[Source "ChessBase"]
[SourceQuality "1"]
[TimeControl "40/5400+30:1800+30"]

1. c4 Nf6 2. Nc3 g6 3. d3 Bg7 4. g3 d5 5. cxd5 Nxd5 6. Nxd5 Qxd5 7. Nf3 O-O 8. Bg2 c5 9. O-O Qh5 10. Qc2 Nc6 11. a3 Bg4 12. Re1 Rac8 13. Rb1 b6 14. Be3 e5 15. Qa4 Rc7 16. Nd2 Nd4 17. f3 Bd7 18. Qd1 f5 19. Bf2 Be6 20. e3 Nc6 21. Qc2 Rfc8 22. Red1 g5 23. b3 Qf7 24. Be1 Bd5 25. Nc4 Qd7 26. a4 Rd8 27. Bc3 Bf7 28. Qb2 Qe6 29. f4 gxf4 30. gxf4 Bh5 31. Re1 e4 32. dxe4 fxe4 33. Ne5 Nxe5 34. Bxe5 Rcd7 35. Qc2 Rd2 36. Qxe4 Bg6 37. Qc4 Qxc4 38. bxc4 Bxe5 39. fxe5 Bxb1 40. Bd5+ R8xd5 41. cxd5 Be4 42. d6 Kf7 43. Rf1+ Ke6 44. Rf6+ Kxe5 45. Rf7 Kxd6 46. Rxa7 c4 47. a5 bxa5 48. Rxa5 c3 0-1

[Event "36th German Seniors-ch-65 2024"]
[Site "Bad Wildungen"]
[Date "2024.08.26"]
[Round "4.16"]
[White "Wenner, Tobias"]
[Black "Gollasch, Theo-Heinz"]
[Result "1/2-1/2"]
[ECO "D79"]
[WhiteElo "2067"]
[BlackElo "2006"]
[Annotator "RC"]
[PlyCount "96"]
[EventDate "2024.08.22"]
[EventType "swiss"]
[EventCountry "GER"]
[SourceTitle "playchess.com"]
[Source "ChessBase"]
[SourceQuality "1"]
[TimeControl "40/5400+30:1800+30"]

1. Nf3 d5 2. c4 c6 3. g3 g6 4. Bg2 Bg7 5. cxd5 cxd5 6. d4 Nf6 7. O-O O-O 8. Ne5 e6 9. Nc3 Nfd7 10. Nf3 Nf6 11. Ne5 Nfd7 12. Nf3 Nf6 13. Bf4 a6 14. Qd2 Ne4 15. Nxe4 dxe4 16. Ne5 f5 17. Rfd1 Nd7 18. Nc4 Nb6 19. Rac1 Nxc4 20. Rxc4 b5 21. Rc5 Bb7 22. Bh6 Rf7 23. Bxg7 Kxg7 24. Rdc1 Qd6 25. e3 Rd8 26. Qc3 Kh6 27. h4 Qb6 28. b3 Rdd7 29. Bf1 Bd5 30. a3 Rb7 31. b4 Kg7 32. Be2 Qd6 33. Rc8 Kf6 34. Rc5 h6 35. Rc8 Rb8 36. Rxb8 Qxb8 37. Qc5 Rb7 38. Qc8 Qxc8 39. Rxc8 Rb6 40. Rc5 Rb7 41. Kf1 g5 42. Rc8 Rb6 43. Ke1 Rc6 44. Rxc6 Bxc6 45. hxg5+ hxg5 46. Kd2 Ke7 47. Bh5 g4 48. Kc3 Kd6 1/2-1/2

[Event "36th German Seniors-ch-65 2024"]
[Site "Bad Wildungen"]
[Date "2024.08.26"]
[Round "4.17"]
[White "Juhnke, Juergen"]
[Black "Schubert, Hans Joachim"]
[Result "1-0"]
[ECO "B89"]
[WhiteElo "2259"]
[BlackElo "2064"]
[Annotator "RC"]
[PlyCount "49"]
[EventDate "2024.08.22"]
[EventType "swiss"]
[EventCountry "GER"]
[SourceTitle "playchess.com"]
[Source "ChessBase"]
[SourceQuality "1"]
[TimeControl "40/5400+30:1800+30"]

1. e4 c5 2. Nf3 Nc6 3. d4 cxd4 4. Nxd4 Nf6 5. Nc3 d6 6. Bc4 e6 7. Be3 Bd7 8. Qe2 a6 9. O-O-O Qc7 10. Bb3 Na5 11. g4 h6 12. h4 Rc8 13. g5 Ng8 14. Kb1 b5 15. f4 Nc4 16. f5 Nxb2 17. fxe6 fxe6 18. Ncxb5 axb5 19. Kxb2 Qc3+ 20. Kb1 Qb4 21. Qh5+ Ke7 22. Nf5+ Kd8 23. Bb6+ Rc7 24. Qf7 Ne7 25. Nxe7 1-0

[Event "36th German Seniors-ch-65 2024"]
[Site "Bad Wildungen"]
[Date "2024.08.26"]
[Round "4.18"]
[White "Walther, Reinhard"]
[Black "Heinig, Wolfram"]
[Result "0-1"]
[ECO "D00"]
[WhiteElo "1983"]
[BlackElo "2215"]
[Annotator "RC"]
[PlyCount "42"]
[EventDate "2024.08.22"]
[EventType "swiss"]
[EventCountry "GER"]
[SourceTitle "playchess.com"]
[Source "ChessBase"]
[SourceQuality "1"]
[TimeControl "40/5400+30:1800+30"]

1. d4 d5 2. Bf4 Nf6 3. e3 e6 4. Nd2 c5 5. c3 Nc6 6. Bd3 Bd6 7. dxc5 Bxc5 8. Ngf3 O-O 9. Ne5 Nxe5 10. Bxe5 Bd6 11. Nf3 Bxe5 12. Nxe5 Qc7 13. f4 Nd7 14. Nf3 e5 15. Bxh7+ Kxh7 16. Ng5+ Kg8 17. O-O Nf6 18. Qc2 g6 19. Nxf7 Kxf7 20. fxe5 Qxe5 21. Qb3 Kg7 0-1

[Event "36th German Seniors-ch-65 2024"]
[Site "Bad Wildungen"]
[Date "2024.08.26"]
[Round "4.19"]
[White "Byhan, Gert"]
[Black "Vatter, Hans-Joachim"]
[Result "0-1"]
[ECO "B20"]
[WhiteElo "1975"]
[BlackElo "2212"]
[Annotator "RC"]
[PlyCount "45"]
[EventDate "2024.08.22"]
[EventType "swiss"]
[EventCountry "GER"]
[SourceTitle "playchess.com"]
[Source "ChessBase"]
[SourceQuality "1"]
[TimeControl "40/5400+30:1800+30"]

1. e4 c5 2. b3 g6 3. Bb2 Nf6 4. e5 Nd5 5. Nc3 Nxc3 6. Bxc3 Bg7 7. e6 f6 8. exd7+ Bxd7 9. f4 Qc7 10. g3 Bc6 11. Nf3 Nd7 12. Bg2 O-O-O 13. Qe2 Rhe8 14. O-O-O e5 15. fxe5 Bxf3 16. Qxf3 Nxe5 17. Qf2 f5 18. Bxe5 Qxe5 19. c3 Bh6 20. Kc2 Qd6 21. d3 Re3 22. d4 Qa6 23. Qf4 0-1

[Event "36th German Seniors-ch-65 2024"]
[Site "Bad Wildungen"]
[Date "2024.08.26"]
[Round "4.20"]
[White "Schaefer, Martin"]
[Black "Babrikowski, Peter"]
[Result "0-1"]
[ECO "A14"]
[WhiteElo "1982"]
[BlackElo "2153"]
[Annotator "RC"]
[PlyCount "64"]
[EventDate "2024.08.22"]
[EventType "swiss"]
[EventCountry "GER"]
[SourceTitle "playchess.com"]
[Source "ChessBase"]
[SourceQuality "1"]
[TimeControl "40/5400+30:1800+30"]

1. d4 Nf6 2. c4 e6 3. g3 d5 4. Nf3 Be7 5. Bg2 O-O 6. O-O Nbd7 7. b3 c5 8. cxd5 Nxd5 9. Bb2 N7f6 10. dxc5 Bxc5 11. a3 b6 12. b4 Bd6 13. Nbd2 Ba6 14. Re1 Be7 15. Qa4 Bb7 16. Rad1 Qe8 17. Qb3 Bc6 18. Rc1 Rc8 19. Nd4 Bd7 20. e4 Nc7 21. Nc4 Ba4 22. Qa2 Nb5 23. Ne2 Qd7 24. h3 Rfd8 25. Be5 Qd3 26. Nc3 Qxc4 27. Qxc4 Rxc4 28. Nxa4 Nxa3 29. Rxc4 Nxc4 30. Bxf6 Bxf6 31. f4 Bd4+ 32. Kf1 Ne3+ 0-1

[Event "36th German Seniors-ch-65 2024"]
[Site "Bad Wildungen"]
[Date "2024.08.26"]
[Round "4.21"]
[White "Kierzek, Matthias"]
[Black "Roettinger, Eugen"]
[Result "0-1"]
[ECO "D37"]
[WhiteElo "2140"]
[BlackElo "1990"]
[Annotator "RC"]
[PlyCount "74"]
[EventDate "2024.08.22"]
[EventType "swiss"]
[EventCountry "GER"]
[SourceTitle "playchess.com"]
[Source "ChessBase"]
[SourceQuality "1"]
[TimeControl "40/5400+30:1800+30"]

1. d4 d5 2. c4 e6 3. Nf3 Nf6 4. Nc3 Be7 5. Bf4 O-O 6. e3 dxc4 7. Bxc4 Nd5 8. Bg3 Nxc3 9. bxc3 c5 10. O-O Nc6 11. Qe2 Bd6 12. Ne5 Bxe5 13. dxe5 Qc7 14. f4 Na5 15. Bd3 c4 16. Bc2 b5 17. Qh5 f5 18. exf6 gxf6 19. Be4 Bb7 20. Qg4+ Kh8 21. Bxb7 f5 22. Qh5 Nxb7 23. e4 fxe4 24. Bf2 Rf5 25. Qg4 Rd8 26. Rad1 Rxd1 27. Rxd1 h5 28. Qg6 Qxf4 29. Bd4+ e5 30. Qe8+ Kh7 31. Bxa7 Nd6 32. Qd7+ Nf7 33. Qd2 Ng5 34. Be3 Nh3+ 35. Kh1 Qf1+ 36. Bg1 Nf2+ 37. Qxf2 Rxf2 0-1

[Event "36th German Seniors-ch-65 2024"]
[Site "Bad Wildungen"]
[Date "2024.08.26"]
[Round "4.22"]
[White "Erler, Rainer"]
[Black "Scharping, Hans-Martin"]
[Result "1/2-1/2"]
[ECO "B25"]
[WhiteElo "2122"]
[BlackElo "1978"]
[Annotator "RC"]
[PlyCount "70"]
[EventDate "2024.08.22"]
[EventType "swiss"]
[EventCountry "GER"]
[SourceTitle "playchess.com"]
[Source "ChessBase"]
[SourceQuality "1"]
[TimeControl "40/5400+30:1800+30"]

1. e4 c5 2. Nc3 Nc6 3. g3 g6 4. Bg2 Bg7 5. d3 d6 6. Nh3 Nf6 7. O-O O-O 8. a4 Bg4 9. f3 Bd7 10. Nf2 Rb8 11. f4 a6 12. Re1 Ne8 13. Nd5 e6 14. Ne3 f5 15. c3 b5 16. axb5 axb5 17. Bd2 Nc7 18. Rb1 Kh8 19. b4 cxb4 20. cxb4 Ra8 21. Qc1 Nd4 22. Nc2 Rc8 23. Nxd4 Bxd4 24. Bc3 Qf6 25. e5 dxe5 26. fxe5 Bxf2+ 27. Kxf2 Qf7 28. Kg1 Rfd8 29. Ra1 Qe8 30. Bd4 Nd5 31. Qb2 Bc6 32. Bc5 Ra8 33. h4 Rxa1 34. Rxa1 Ra8 35. Kh2 h6 1/2-1/2

[Event "36th German Seniors-ch-65 2024"]
[Site "Bad Wildungen"]
[Date "2024.08.27"]
[Round "5.1"]
[White "Schrems, Hermann"]
[Black "Behrens, Harald"]
[Result "1/2-1/2"]
[ECO "E18"]
[WhiteElo "2118"]
[BlackElo "2206"]
[Annotator "TA"]
[PlyCount "39"]
[EventDate "2024.08.22"]
[EventType "swiss"]
[EventCountry "GER"]
[SourceTitle "playchess.com"]
[Source "ChessBase"]
[SourceQuality "1"]
[TimeControl "40/5400+30:1800+30"]

1. d4 Nf6 2. Nf3 e6 3. g3 b6 4. Bg2 Bb7 5. O-O d5 6. c4 Be7 7. Nc3 O-O 8. Ne5 Nbd7 9. Qa4 Nxe5 10. dxe5 Nd7 11. cxd5 exd5 12. Nxd5 Nc5 13. Nxe7+ (13. Qc4 $16 {Black must now prevent Rd1.} Bxd5 14. Qxd5 (14. Bxd5 b5 $17) 14... Qxd5 15. Bxd5) 13... Qxe7 $11 14. Qc2 (14. Qd4 $14) 14... Bxg2 $1 {[%emt 0:01:16] The position is equal.} 15. Kxg2 Qxe5 16. Bf4 Qe7 17. Rad1 Rad8 18. h4 Ne6 19. Be3 c5 20. Rxd8 {[%emt 0:04:56] White got outplayed after the opening.   Weighted Error Value: White=0.29 (precise) /Black=0.03 (flawless) .  Mistake:       	White=2     	---        Inaccurate:     	---       	Black=1      OK:         	White=3     	Black=3      Best:        	---       	Black=1      Strong:       	---       	Black=1} 1/2-1/2

[Event "36th German Seniors-ch-65 2024"]
[Site "Bad Wildungen"]
[Date "2024.08.27"]
[Round "5.2"]
[White "Brueggemann, Joachim"]
[Black "Rosen, Willy"]
[Result "0-1"]
[ECO "B33"]
[WhiteElo "2267"]
[BlackElo "2091"]
[Annotator "TA"]
[PlyCount "78"]
[EventDate "2024.08.22"]
[EventType "swiss"]
[EventCountry "GER"]
[SourceTitle "playchess.com"]
[Source "ChessBase"]
[SourceQuality "1"]
[TimeControl "40/5400+30:1800+30"]

1. e4 c5 2. Nf3 Nc6 3. d4 cxd4 4. Nxd4 Qb6 5. Nb3 Nf6 6. Nc3 e6 7. Bd3 Qc7 8. O-O a6 9. f4 d6 {[%emt 0:00:08] B33: Sicilian: Pelikan and Sveshnikov Variations.} 10. Qf3 b5 11. Bd2 Bb7 12. Rae1 Be7 13. Qg3 $146 ({Predecessor:} 13. Kh1 h5 14. Be3 h4 15. h3 Nh5 16. Bf2 g5 17. Nd5 exd5 18. exd5 Nb4 19. fxg5 Nxd5 {½-½ Tissir,M (2387)-Smirin,I (2609) Wch Rapid St Petersburg 2018 (5)}) 13... h5 14. Nd1 (14. Qxg7 $2 Rg8 15. Qh6 Rg6 $19) (14. e5 $14 dxe5 15. fxe5) 14... a5 {[%emt 0:09:24] [#]} (14... h4 $11 {keeps the balance.} 15. Qh3 (15. Qxg7 Kd7 $17) 15... b4) 15. Nf2 (15. Bxb5 $2 Qb6+ 16. Be3 Qxb5 $19) (15. Qxg7 $2 Rg8 16. Qh6 Rg6 $19) (15. Nc3 $1 $16) 15... a4 $11 {[%emt 0:04:07] And now ...h4 would win.} 16. Nc1 (16. Qxg7 $2 Rg8 17. Qh6 Rg6 $19 (17... axb3 $2 18. f5 $19) (17... axb3 $2 18. f5 $19)) 16... h4 17. Qh3 (17. Qxg7 Rg8 18. Qh6 O-O-O $17) 17... Ba6 18. a3 Na5 19. e5 Nd7 $2 {[%emt 0:04:45] [#]} (19... dxe5 $11 {and Black has nothing to worry.} 20. fxe5 Nd5) 20. Qg4 (20. exd6 $1 $18 Bxd6 21. Bc3) 20... Nc4 (20... dxe5 $11 21. fxe5 (21. Qxg7 Bf6 $11) 21... Nc4) 21. Bc3 ({White should play} 21. Qxg7 $14 O-O-O 22. Qxf7 Nxd2 23. Qxe7 dxe5 24. Qxe6) 21... O-O-O 22. b3 (22. Qxg7 $11 {remains equal.} Rdf8 23. Bb4) 22... Ncxe5 $1 $17 (22... Nxa3 23. Bb4 Nxe5 24. fxe5 Nxc2 25. Bxc2 Qxc2 26. bxa4 $18 (26. Qxg7 $2 Rhg8 $19)) 23. Bxe5 $2 (23. fxe5 $17 {was called for.} Qxc3 24. Ne2) 23... dxe5 $19 24. fxe5 (24. Qh3 {was necessary.}) 24... Nxe5 25. Qe2 Nxd3 26. Ncxd3 h3 (26... Bxa3 27. bxa4 b4 (27... bxa4 $2 28. Qe4 $19) 28. Qf3 $19) 27. gxh3 (27. Nxh3 {was worth a try.} Bf6 (27... Bxa3 $2 28. bxa4 bxa4 29. Qf3 $19) 28. bxa4) 27... Bd6 (27... Bxa3 28. Ra1 Be7 29. Rfb1 $19) 28. Ne4 Bb7 (28... Bxa3 29. Qe3 $19) (28... Rxh3 29. Nxd6+ Rxd6 30. Qg2 Qa7+ 31. Qf2 Qxf2+ 32. Rxf2 $17) 29. bxa4 Be5 $2 (29... bxa4 30. Nxd6+ Rxd6 31. Qe3 $17) ({Better is} 29... Bxa3 $19 30. axb5 Rxh3) 30. Nxe5 $11 Qxe5 31. Qxb5 Qd4+ 32. Rf2 Rd5 {[%emt 0:00:16] Repels Nc5} (32... Bxe4 $5 33. c3 $8 (33. Rxe4 $2 Qxe4 34. Qc5+ Kb8 $19) 33... Qxc3 34. Rxe4 Rd1+ (34... Qxa3 35. Rc4+) 35. Rf1 Rxf1+ 36. Qxf1 Qc5+ 37. Kh1 Qd5 38. Qa6+ Kd7 39. Qa7+ Kd6 40. Qb6+ Qc6 41. Qxc6+ Kxc6 $11) 33. Qb4 (33. Qd3 {simplifies} Qxf2+ 34. Nxf2 Rxd3 35. Nxd3 Rxh3 36. Re5) 33... Rhh5 {[%emt 0:05:09][%cal Od5g5,Bh8h5,Bh5c5,Bc5c2][%mdl 32] Threatens to win with ...Rdg5+!} 34. Qxd4 Rxd4 35. Ng3 Rc5 36. Rxf7 Rxc2 37. Rxe6 $2 (37. Re2 $11 Rdd2 38. Rxd2 (38. Rxe6 {is a self mate.} Rd1+) 38... Rxd2 39. Rxg7) 37... Rd1+ ({And not} 37... Rxa4 38. Re8#) 38. Nf1 Rg2+ 39. Kh1 Rxf1+ 0-1

[Event "36th German Seniors-ch-65 2024"]
[Site "Bad Wildungen"]
[Date "2024.08.27"]
[Round "5.3"]
[White "Klundt, Klaus"]
[Black "Dekan, Hans"]
[Result "0-1"]
[ECO "B56"]
[WhiteElo "2264"]
[BlackElo "2079"]
[Annotator "RC"]
[PlyCount "66"]
[EventDate "2024.08.22"]
[EventType "swiss"]
[EventCountry "GER"]
[SourceTitle "playchess.com"]
[Source "ChessBase"]
[SourceQuality "1"]
[TimeControl "40/5400+30:1800+30"]

1. e4 c5 2. Nf3 Nc6 3. Nc3 d6 4. d4 cxd4 5. Nxd4 Nf6 6. Nd5 e6 7. Nxf6+ gxf6 8. g3 e5 9. Nb5 Be6 10. Be3 Rc8 11. Qd2 d5 12. Nxa7 d4 13. Nxc6 Rxc6 14. Bb5 Qb6 15. Bxc6+ Qxc6 16. O-O-O Qa6 17. Bxd4 Qxa2 18. Qe3 exd4 19. Qxd4 Be7 20. f4 O-O 21. f5 Rd8 22. Qxd8+ Bxd8 23. fxe6 Qa1+ 24. Kd2 Qa5+ 25. Ke2 fxe6 26. Rd3 Bb6 27. Rf1 Kg7 28. g4 Qe5 29. Kf3 Qxh2 30. Rd7+ Kg6 31. Rxb7 Qh3+ 32. Ke2 Qe3+ 33. Kd1 Qxe4 0-1